 Dungeon Crawl Stone Soup version 0.31.0-11-ge490571c62 (webtiles) character file.

Game seed: 6492145384850162737

39 qw the Shooter (level 3, -3/18 HPs)
             Began as a Spriggan Hunter on Feb 4, 2024.
             Slain by a hobgoblin (6 damage)
             ... led by Robin
             ... on level 2 of the Dungeon.
             The game lasted 00:00:04 (1043 turns).

qw the Shooter (Spriggan Hunter)                    Turns: 1043, Time: 00:00:04

Health: -3/18      AC:  2    Str:  6 (7)  XL:     3   Next: 26%
Magic:  4/4        EV: 19    Int:  9 (10) God:
Gold:   35         SH:  0    Dex: 19 (20) Spells: 2/2 levels left

rFire   . . .        a - +0 shortbow
rCold   . . .        (shield currently unavailable)
rNeg    . . .        c - +0 robe
rPois   .            (helmet restricted)
rElec   .            (no cloak)
rCorr   .            (gloves unavailable)
SInv    +            (boots unavailable)
Will    .....        (no amulet)
Stlth   ++           (no ring)
HPRegen 0.23/turn    (no ring)
MPRegen 0.09/turn

%: no passive effects
@: very quick
A: very small, no large weapons, unfitting armour, see invisible, speed 3
a: no special abilities


You were on level 2 of the Dungeon.
You visited 1 branch of the dungeon, and saw 2 of its levels.

You collected 35 gold pieces.


Innate Abilities, Weirdness & Mutations

You are very small and have problems with some larger weapons.
You are too small for most types of armour.
You have supernaturally acute eyesight. (SInv)
You cover ground extremely quickly. (Speed+++)


   Skills:
 - Level 1.5 Fighting
 + Level 4.6 Ranged Weapons
 - Level 4.0 Dodging
 - Level 1.5 Stealth


You had 2 spell levels left.
You didn't know any spells.
Your spell library was empty.

Inventory:

Hand Weapons
 a - a +0 shortbow (weapon)
Armour
 c - a +0 robe (worn)
Potions
 f - a potion of ambrosia {unknown}
 g - a potion of haste {unknown}

Dungeon Overview and Level Annotations

Branches:
Dungeon (2/15)

Altars:

Annotations:
D:2 Robin


Message History

The hobgoblin completely misses you. The hobgoblin barely misses you.
You shoot an arrow. The arrow barely misses Robin.
The hobgoblin misses you. The hobgoblin closely misses you.
Robin throws the goblin at you!
You shoot an arrow.
The arrow hits Robin but does no damage.
The goblin hits you with a +0 club. The hobgoblin completely misses you.
The hobgoblin barely misses you. Robin closely misses you.
You shoot an arrow.
The arrow hits Robin but does no damage.
The goblin misses you. The hobgoblin misses you.
The hobgoblin closely misses you. Robin closely misses you.
You shoot an arrow. The arrow barely misses Robin.
The hobgoblin barely misses you. The goblin completely misses you.
Robin completely misses you. The hobgoblin barely misses you.
The hobgoblin misses you. Robin hits you with a +0 dagger.
The hobgoblin closely misses you. The goblin barely misses you.
The hobgoblin misses you. The goblin completely misses you.
You shoot an arrow.
The arrow hits Robin but does no damage.
The goblin barely misses you. The goblin misses you.
The hobgoblin completely misses you. x3; Robin completely misses you.
You shoot an arrow.
The arrow hits Robin but does no damage.
The hobgoblin hits you. The goblin closely misses you. x2
The hobgoblin completely misses you. The hobgoblin closely misses you.
Robin hits you but does no damage.
You shoot an arrow. The arrow barely misses Robin.
The goblin closely misses you. The goblin barely misses you.
The hobgoblin hits you. The hobgoblin closely misses you. x2
Robin closely misses you.
You shoot an arrow. The arrow barely misses Robin.
The hobgoblin no longer looks unusually strong.
The goblin no longer looks unusually strong. x2
The goblin misses you. x2; The hobgoblin closely misses you.
The hobgoblin misses you. Robin closely misses you. The hobgoblin misses you.
You shoot an arrow. The arrow barely misses Robin.
The goblin completely misses you. The goblin barely misses you.
The hobgoblin hits you. x2
You die...

.$............)
.......\.._.....
..........?..)..
............).......
...........).\.....\
....................
.......ggg..........
.......7@g...\.)8..\.
.......g.g......(....
#######..............
#\..\..\..7..7
###.####......#
#....###......+
#....+.'......####
#....###..........
#....# #.#........


You could see Robin, 3 hobgoblins and 2 goblins.

Vanquished Creatures
  5 ball pythons (D:1)
  7 endoplasms (D:1)
  9 goblins
  2 hobgoblins (D:2)
  6 bats
  A frilled lizard (D:1)
  3 kobolds (D:1)
  3 rats (D:1)
36 creatures vanquished.

Notes
Turn   | Place    | Note
-------+----------+-------------------------------------------
     0 | D:1      | qw the Spriggan Hunter began the quest for the Orb.
     0 | D:1      | Reached XP level 1. HP: 10/10 MP: 2/2
     0 | D:1      | 0 ||| qw: Version: 0.3-a-160-g6735b56
     0 | D:1      | 0 ||| qw: Game counter: 5464
     0 | D:1      | 0 ||| qw: Melee chars always use a shield: true
     0 | D:1      | 0 ||| qw: God list: Okawaru
     0 | D:1      | 0 ||| qw: Allow faded altars: false
     0 | D:1      | 0 ||| qw: Do Orc after clearing Dungeon:15 true
     0 | D:1      | 0 ||| qw: Do second Lair branch before Depths: true
     0 | D:1      | 0 ||| qw: Lair rune preference: random
     0 | D:1      | 0 ||| qw: Goals: Normal
     0 | D:1      | 0 ||| PLANNING D:1-11
    34 | D:1      | Reached skill level 3 in Dodging
   182 | D:1      | Reached XP level 2. HP: 14/14 MP: 3/3
   950 | D:1      | 950 ||| READING scroll labelled SEIWIN FAUN.
   950 | D:1      | 950 ||| IDENTIFYING fizzy sapphire potion
   951 | D:1      | 951 ||| DRINKING 2 coppery potions.
   952 | D:1      | 952 ||| DROPPING scroll of butterflies.
   953 | D:1      | 953 ||| DROPPING potion of brilliance.
   954 | D:1      | 954 ||| DROPPING potion of degeneration.
  1021 | D:2      | Found a faded altar of an unknown god.
  1025 | D:2      | Reached XP level 3. HP: 18/18 MP: 4/4
  1027 | D:2      | Noticed Robin
  1041 | D:2      | HP: 3/18 [hobgoblin[Robin] (4)]
  1043 | D:2      | Slain by a hobgoblin

Levels and vault maps discovered:
D:1:      dpeg_arrival_another_circle, layout_basic
D:2:      layout_basic, hellmonk_ecumenical_altar_arch_garden, uniq_robin

Skill      XL: |  1  2 |
---------------+-------+-----
Dodging        | 3 4 |  4.0
Fighting       | |  1.5
Ranged Weapons | |  4.6
Stealth        | |  1.5

Action                     || total
---------------------------++-------
   Fire: Shortbow          ||    77
    Use: Scroll            ||     1
         Potion            ||     1
 Armour: Robe              ||    12
  Dodge: Dodged            ||    50

Table legend:
 A = Non-vault XP
 B = Vault XP
 C = Vault XP percentage of total XP
 D = Non-vault monster count
 E = Vault monster count
 F = Vault count percentage of total count
                 A         B        C        D         E       F
            +---------+---------+-------+---------+---------+-------
      Total |      40 |      16 |  28.6 |      28 |       8 |  22.2
            +---------+---------+-------+---------+---------+-------
        D:1 |      39 |       0 |   0.0 |      27 |       0 |   0.0
        D:2 |       1 |      16 |  94.1 |       1 |       8 |  88.9
            +---------+---------+-------+---------+---------+-------
